Cogmind - Beta 15 @@@ ROGUE MODE // 2025.08.26 @ 10:29:50 Player: the Result: Destroyed by EX-DEC with AWS/EX-DEC Performance ------------- Evolutions (1) 500 Regions Visited (5) 1000 Robots Destroyed (78) 390 Value Destroyed (1298) 1298 Prototype IDs (33) 660 Alien Tech Used (0) 0 Bonus (385) 385 TOTAL SCORE: 4233 Bonus ------- Follower Combat Kills 85 Aligned with FarCom 300 Cogmind --------- Core Integrity 0/400 Matter 254/300 Energy 310/310 System Corruption 0% Temperature Cool (68) Movement Treading (240) Ox1 Location -9/Exiles Parts ------- > --- POWER (1) -------- Reinforced Fission Core > --- PROPULSION (2) --- Light Treads Light Treads > --- UTILITY (2) ------ High-capacity Storage Unit > --- WEAPON (4) ------- Minigun Minigun Minigun Longsword +1 > --- INVENTORY (20) --- Light Deuterium Engine Light Deuterium Engine Cold Fusion Reactor Light Neutrino Core Huge Storage Unit High-capacity Matter Pod (200) Experimental Sensor Array Experimental Targeting Computer Advanced Transmission Jammer Advanced Component Analysis Suite Tractor Beam Recalibrator AS-neutralizer No. 17b Improved Assault Rifle 8R-AWN's Boregun 8R-AWN's Boregun Rocket Launcher Improved Datajack Peak State ------------ > --- POWER ------------ Reinforced Fission Core > --- PROPULSION ------- Light Treads Light Treads > --- UTILITY ---------- High-capacity Storage Unit Medium Armor Plating > --- WEAPON ----------- Minigun Minigun Minigun Longsword +1 > --- INVENTORY -------- Light Deuterium Engine Light Deuterium Engine Cold Fusion Reactor Light Neutrino Core Light Treads Light Treads Huge Storage Unit High-capacity Matter Pod Experimental Sensor Array Experimental Targeting Computer Advanced Transmission Jammer Advanced Component Analysis Suite Tractor Beam Recalibrator AS-neutralizer No. 17b Improved Assault Rifle 8R-AWN's Boregun 8R-AWN's Boregun Rocket Launcher Improved Datajack [Rating: 37] Favorites ----------- Power Light Nuclear Core Engine Ion Engine Power Core Light Nuclear Core Propulsion Light Treads Treads Light Treads Leg Advanced Myomer Leg Wheel Wheel Utility Seismic Detector Device Seismic Detector Storage Huge Storage Unit Processor Advanced Visual Processing Unit Hackware Hacking Suite Protection Medium Armor Plating Weapon Improved Assault Rifle Energy Gun Medium Laser Energy Cannon Light EM Pulse Cannon Ballistic Gun Improved Assault Rifle Launcher Rocket Launcher Special Weapon Mining Laser Impact Weapon Mace Slashing Weapon Longsword +1 Build | -11 -10 -10 -9 -9 -9 ------- Run | Yrd Mat Min Mat Min Exi Slots Evolved 2 | . . . 2 . . Power . | . . . . . . Propulsion . | . . . . . . Utility . | . . . . . . Weapon 2 | . . . 2 . . Parts Attached 66 | 10 7 1 26 4 18 Power 7 | 1 . . 3 1 2 Engine 4 | 1 . . 3 . . Core 3 | . . . . 1 2 Reactor . | . . . . . . Propulsion 17 | 5 2 . 4 . 6 Treads 9 | 2 . . 2 . 5 Leg 1 | . . . . . 1 Wheel 7 | 3 2 . 2 . . Hover . | . . . . . . Flight . | . . . . . . Utility 15 | 2 1 1 5 1 5 Device 6 | 1 . 1 2 . 2 Storage 3 | 1 1 . 1 . . Processor 1 | . . . 1 . . Hackware 1 | . . . 1 . . Protection 4 | . . . . 1 3 Artifact . | . . . . . . Weapon 27 | 2 4 . 14 2 5 Energy Gun 4 | 2 . . 2 . . Energy Cannon 5 | . 2 . 3 . . Ballistic Gun 12 | . . . 7 2 3 Ballistic Cannon . | . . . . . . Launcher 3 | . 1 . 1 . 1 Special Weapon 1 | . 1 . . . . Impact Weapon 1 | . . . 1 . . Slashing Weapon 1 | . . . . . 1 Piercing Weapon . | . . . . . . Special Melee Weapon . | . . . . . . Unidentified Prototypes 8 | . . 1 2 . 5 Parts Lost 13 | . . . . 3 10 Power 1 | . . . . . 1 Propulsion 5 | . . . . . 5 Utility 3 | . . . . 1 2 Weapon 4 | . . . . 2 2 Highest Loss Streak 7 | . . . . 3 7 To Critical Strikes 5 | . . . . . 5 Average Backups 21 | 2 12 20 23 24 22 Power 2 | . 1 1 1 2 3 Propulsion 3 | . 1 3 3 5 4 Utility 7 | . 4 7 8 8 7 Weapon 6 | 1 6 7 8 7 5 Tool/Special . | . . . . . . Unused Backups 36 | . 1 1 11 . 23 Power 7 | . . . 1 . 6 Propulsion 1 | . . . 1 . . Utility 17 | . 1 . 2 . 14 Weapon 9 | . . 1 6 . 2 Tool/Special 2 | . . . 1 . 1 Average Slot Usage (%) 99 | . 100 100 99 99 98 Engine 5 | . 14 14 11 2 . Core 5 | . . . . 8 10 Treads 13 | . . . 3 22 21 Wheel 9 | . 28 28 18 . . Device 9 | . 14 14 8 10 5 Storage 11 | . 14 14 11 11 11 Protection 1 | . . . . . 5 Energy Gun 4 | . 4 . 18 . . Energy Cannon 4 | . 22 27 . . . Ballistic Gun 31 | . . . 24 43 40 Peak Build Rating 37 | 7 11 19 25 25 37 Average Rating 21 | 5 9 11 20 23 26 On Entrance 12 | . 7 11 12 23 24 Naked Turns . | . . . . . . Heaviest Build 120 | 15 54 54 100 100 120 Greatest Support 40 | 26 20 20 40 40 40 Greatest Overweight (x) 32 | . 2 2 4 2 32 Average Overweight (x) 2 | . 1 2 3 2 1 Largest Inventory Capacity 25 | 8 20 20 25 25 25 Average Capacity 22 | 7 19 20 23 25 23 Most Carried 25 | 4 20 20 25 25 25 Average Carried 21 | 2 13 20 23 24 22 Final Capacity 25 | 8 20 20 25 25 20 Final Carried 25 | 4 20 20 25 22 18 Class Distribution -------------------- 45% | Scavenger-Gunner 19% | Mutant 16% | Gunner 14% | Tank 4% | Skirmisher Dominant Class ---------------- Mutant | -10/Materials Mutant | -10/Mines Gunner | -9/Materials Scavenger-Gunner | -9/Mines Scavenger-Gunner | -9/Exiles Resources | -11 -10 -10 -9 -9 -9 ----------- Run | Yrd Mat Min Mat Min Exi Matter Collected 2656 | 320 170 . 1017 230 919 Remotely . | . . . . . . Salvage Created 2499 | 294 357 9 1368 290 181 Parts 185 | 21 23 4 80 21 36 Haulers Intercepted 4 | . 1 . 3 . . Recyclers Shooed 1 | . . . 1 . . Parts Field Recycled . | . . . . . . Retrieved Matter . | . . . . . . Parts Self-Destructed . | . . . . . . Prevented . | . . . . . . Kills | -11 -10 -10 -9 -9 -9 ------- Run | Yrd Mat Min Mat Min Exi Combat Hostiles Destroyed 44 | . 6 3 24 4 7 Guns 22 | . . . 17 4 1 Cannons 1 | . 1 . . . . AOE 20 | . 5 3 6 . 6 Classes Destroyed 13 | 3 5 . 2 1 2 Worker 7 | 1 1 . 3 2 . Tunneler 10 | 8 1 . . 1 . Hauler 4 | . 1 . 3 . . Recycler 6 | 1 1 . 4 . . Mechanic 2 | . . . 2 . . Operator 2 | . 1 . 1 . . Turret 1 | . . . . . 1 Watcher 7 | . 3 . 4 . . Swarmer 16 | . 5 3 8 . . Grunt 16 | . 1 . 13 2 . Sentry 3 | . . . 3 . . Demolisher 2 | . . . . 2 . Assembled 6 | . . . . . 6 Best Kill Streak 10 | 5 7 3 10 2 6 Combat Bots Only 6 | . 3 3 4 2 6 Max Kills in Single Turn 4 | 1 4 2 3 2 2 Gunslinging 1 | . . . 1 . . Exploded 3 | . 3 2 2 . 2 Melee . | . . . . . . Uniques/NPCs Destroyed 3 | . . . . . 3 8R-AWN (-9/Exiles) EX-HEX (-9/Exiles) EX-BIN (-9/Exiles) Combat | -11 -10 -10 -9 -9 -9 -------- Run | Yrd Mat Min Mat Min Exi Hostile Shots Fired 228 | . 10 8 57 20 133 Missed 29 | . 2 1 13 2 11 Hits 199 | . 8 7 44 18 122 Projectile 199 | . 8 7 44 18 122 AOE 15 | . . . . 15 . Critical Strikes 22 | . . . 1 1 20 Damage Taken 3315 | . 101 86 500 606 2022 Core 465 | . 40 16 36 34 339 Absorbed by Shields . | . . . . . . Core Remaining (%) 88 | 100 . 77 . . . Volleys Fired 159 | 21 23 3 56 13 43 Largest 4 | 2 2 2 4 4 4 Hottest 212 | 100 112 112 212 92 96 Shots Fired 452 | 42 40 4 201 50 115 Gun 390 | 42 6 . 195 50 97 Cannon 30 | . 28 2 . . . Launcher 28 | . 2 2 6 . 18 Special 4 | . 4 . . . . Kinetic 247 | . . . 100 50 97 Thermal 147 | 42 10 . 95 . . Explosive 28 | . 2 2 6 . 18 Electromagnetic 30 | . 28 2 . . . Robot Hit Streak 20 | 7 6 3 16 3 20 Robot Miss Streak 4 | 3 3 . 4 4 3 Penetration Max . | . . . . . . Secondary Targets 3 | . . . 1 2 . Max Gunslinging Chain 1 | . . . 1 1 . Shots Hit Robots 273 | 26 22 2 120 27 76 Core Hits 134 | 11 14 3 58 14 34 Critical Kills . | . . . . . . Critical Parts Destroyed . | . . . . . . Critical Strikes 11 | 4 . . 7 . . Burn 11 | 4 . . 7 . . Melee Attacks 4 | . . . 1 . 3 Impact 1 | . . . 1 . . Slashing 3 | . . . . . 3 Piercing . | . . . . . . Sneak Attacks 2 | . . . . . 2 Combat Hostiles . | . . . . . . Follow-up Attacks . | . . . . . . Damage Inflicted 6044 | 339 769 172 2346 476 1942 Guns 3754 | 339 12 . 1811 440 1152 Cannons 524 | . 480 44 . . . Explosions 1523 | . 277 128 535 . 583 Melee 207 | . . . . . 207 Ramming 36 | . . . . 36 . Kinetic 2617 | . . . 1025 440 1152 Thermal 1217 | 339 92 . 786 . . Explosive 1443 | . 197 128 535 . 583 Electromagnetic 524 | . 480 44 . . . Impact . | . . . . . . Slashing 207 | . . . . . 207 Piercing . | . . . . . . Highest Corruption . | . . . . . . Average Corruption . | . . . . . . Corruption Purged . | . . . . . . Corruption Blocked . | . . . . . . Overload Shots . | . . . . . . Overflow Damage 85 | . 61 . 24 . . Projectiles 61 | . 61 . . . . Explosions 24 | . . . 24 . . Melee . | . . . . . . Knockbacks . | . . . . . . Impact . | . . . . . . Kinetic . | . . . . . . Secondary . | . . . . . . Self-Inflicted Damage 103 | . 37 31 . . 35 Shots 4 | . 2 1 . . 1 Rammed 6 | . . . . 6 . Targets Rammed 6 | . . . . 6 . Kicked . | . . . . . . Crushed . | . . . . . . Highest Temperature 521 | 253 216 51 521 177 330 Average Temperature 106 | 99 56 28 114 61 153 Received Heat Transfer 273 | . 6 . 210 57 . Effects 8 | 2 . . 4 . 2 Shutdowns 1 | . . . 1 . . Energy Bleed 2 | . . . 1 . 1 Interference 4 | 2 . . 2 . . Short Circuit 1 | . . . . . 1 Siege Activations . | . . . . . . Martial Activations . | . . . . . . Shielding Activations . | . . . . . . Robots Disrupted . | . . . . . . Combat Hostiles . | . . . . . . Robots Corrupted . | . . . . . . Combat Hostiles . | . . . . . . Parts Fried 4 | . 4 . . . . Impact Corruptions . | . . . . . . Robots Melted 2 | . . . 2 . . Combat Hostiles 1 | . . . 1 . . Parts Melted 12 | 2 . . 10 . . Heat Transferred 4109 | 1295 187 . 2627 . . Parts Sabotaged . | . . . . . . Parts Stolen . | . . . . . . Parts Stripped . | . . . . . . Power Chain Reactions 2 | . 2 . . . . Alert | -11 -10 -10 -9 -9 -9 ------- Run | Yrd Mat Min Mat Min Exi Maximum Alert Level . | . . . . . . Low Security (%) 100 | 100 100 100 100 100 . Level 1 . | . . . . . . Level 2 . | . . . . . . Level 3 . | . . . . . . Level 4 . | . . . . . . Level 5 . | . . . . . . High Security . | . . . . . . Max Security . | . . . . . . Peak Influence 192 | 15 117 93 192 81 . Initial 39 | . 9 15 . 39 . Average 38 | 1 53 23 77 6 . Influence Increases 1348 | 50 290 88 720 200 . Destroy 0b10 Robot/C 800 | . 120 60 480 140 . Destroy 0b10 Robot/NC 190 | 50 40 . 85 15 . Destroy Leader 192 | . 38 10 114 30 . Allied During Kill 15 | . . . . 15 . Successful Hack 35 | . 17 . 18 . . Disable Machine 30 | . 30 . . . . Destroy Structure 71 | . 30 18 23 . . Lose Combat Pursuer 15 | . 15 . . . . Influence Decreases 1348 | 35 264 129 618 302 . Entered New Map 95 | . 6 26 . 63 . Time Decay 1036 | 35 258 103 468 172 . Lost Part 27 | . . . . 27 . Lost Ally 40 | . . . . 40 . Purge Threat 150 | . . . 150 . . Squads Dispatched 6 | . 3 . 3 . . Investigation 3 | . 1 . 2 . . Extermination . | . . . . . . Reinforcement 3 | . 2 . 1 . . Assault . | . . . . . . Garrison . | . . . . . . Intercept . | . . . . . . Searches Triggered . | . . . . . . Construction Impeded . | . . . . . . Haulers Reinforced . | . . . . . . Active Scanning Responses . | . . . . . . Cargo Convoy Interrupts . | . . . . . . Stealth | -11 -10 -10 -9 -9 -9 --------- Run | Yrd Mat Min Mat Min Exi Distress Signals 3 | . . . 3 . . Communications Jammed . | . . . . . . Distress Signals . | . . . . . . Times Spotted 75 | . 11 3 33 7 21 Peak Tracking Total 10 | . 3 3 5 3 10 Tactical Retreats 7 | . 1 . . . 6 Traps | -11 -10 -10 -9 -9 -9 ------- Run | Yrd Mat Min Mat Min Exi Traps Triggered 1 | . . . 1 . . Indirectly . | . . . . . . Trap Hack Attempts . | . . . . . . Triggered . | . . . . . . Disarmed . | . . . . . . Reprogrammed . | . . . . . . Reused . | . . . . . . Traps Extracted . | . . . . . . Installed 5 | . . 5 . . . Triggered . | . . . . . . Machines | -11 -10 -10 -9 -9 -9 ---------- Run | Yrd Mat Min Mat Min Exi Machines Disabled 9 | . 2 . . . 7 Max in Single Turn 2 | . 1 . . . 2 Machines Repaired . | . . . . . . Machines Dismantled . | . . . . . . Machines Sabotaged . | . . . . . . Overloaded Fab Kills . | . . . . . . Hacking | -11 -10 -10 -9 -9 -9 --------- Run | Yrd Mat Min Mat Min Exi Machines Accessed 15 | . 5 . 9 . 1 Terminals 12 | . 5 . 7 . . Fabricators . | . . . . . . Repair Stations 1 | . . . 1 . . Recycling Units 1 | . . . 1 . . Scanalyzers . | . . . . . . Garrison Access . | . . . . . . Total Hacks 49 | . 22 . 26 . 1 Successful 20 | . 9 . 10 . 1 Failed 29 | . 13 . 16 . . Catastrophic 4 | . 2 . 2 . . Database Lockouts . | . . . . . . Manual 29 | . 18 . 10 . 1 Terminals 45 | . 22 . 23 . . Fabricators . | . . . . . . Repair Stations 1 | . . . 1 . . Recycling Units 2 | . . . 2 . . Scanalyzers . | . . . . . . Garrison Access . | . . . . . . Terminal Hacks 14 | . 6 . 7 . 1 Part Schematic 2 | . 2 . . . . Robot Analysis 2 | . 2 . . . . Prototype ID Bank 1 | . . . 1 . . Branch Access Points 1 | . . . 1 . . Unreport Threat 1 | . . . 1 . . Hauler Manifests 3 | . 1 . 2 . . Registered Components 2 | . 1 . 1 . . Zone Layout 1 | . . . 1 . . Proto ID Catalog 1 | . . . . . 1 Fabricator Hacks . | . . . . . . Repair Station Hacks 1 | . . . 1 . . Scan Component 1 | . . . 1 . . Recycling Unit Hacks 1 | . . . 1 . . Process 1 | . . . 1 . . Scanalyzer . | . . . . . . Garrison Access Hacks . | . . . . . . Unauthorized Hacks 4 | . 3 . 1 . . Terminals 4 | . 3 . 1 . . Botnet 3 | . 2 . 1 . . Operators 1 | . 1 . . . . Fabricators . | . . . . . . Repair Stations . | . . . . . . Recycling Units . | . . . . . . Scanalyzers . | . . . . . . Garrison Access . | . . . . . . Data Cores Recovered 1 | . . . 1 . . Used . | . . . . . . Hacking Detections 11 | . 5 . 6 . . Full Trace Events 4 | . 3 . 1 . . Feedback Events . | . . . . . . Feedback Blocked . | . . . . . . Robot Schematics Acquired . | . . . . . . Robots Built . | . . . . . . Authchips . | . . . . . . Time . | . . . . . . Total Robot Build Rating . | . . . . . . Part Schematics Acquired 2 | . 2 . . . . Parts Built . | . . . . . . Authchips . | . . . . . . Time . | . . . . . . Total Part Build Rating . | . . . . . . Parts Repaired . | . . . . . . Time . | . . . . . . Parts Recycled . | . . . . . . Recycled Matter . | . . . . . . Retrieved Matter . | . . . . . . Retrieved Components . | . . . . . . Parts Scanalyzed . | . . . . . . Part Schematics Acquired . | . . . . . . Parts Damaged . | . . . . . . Bothacking | -11 -10 -10 -9 -9 -9 ------------ Run | Yrd Mat Min Mat Min Exi Used RIF Installer . | . . . . . . Robots Hacked . | . . . . . . Non-combat . | . . . . . . Combat . | . . . . . . Robot Hacks Applied . | . . . . . . Relay Couplers Released . | . . . . . . Fabnet Peak Effective % . | . . . . . . Robots Rewired . | . . . . . . Allies Hacked . | . . . . . . Hacks Repelled . | . . . . . . Allies | -11 -10 -10 -9 -9 -9 -------- Run | Yrd Mat Min Mat Min Exi Total Allies 3 | . . . . 3 . Largest Group 3 | . . . . 3 . Highest-Rated Group 40 | . . . . 40 . Highest-Rated Ally 16 | . . . . 16 . Total Orders . | . . . . . . Ally Attacks 26 | . . . . 26 . Total Damage 255 | . . . . 255 . Kills 3 | . . . . 3 . Allies Corrupted . | . . . . . . Allies Melted . | . . . . . . Intel | -11 -10 -10 -9 -9 -9 ------- Run | Yrd Mat Min Mat Min Exi Active Infowar (turns) 4986 | 3 670 405 1061 1849 998 Optics 315 | . . . 315 . . Sensors 1 | . . 1 . . . Seismic 4670 | 3 670 404 746 1849 998 Robot Analysis Total 2 | . 2 . . . . Derelict Logs Recovered 3 | . . 2 . 1 . Drone Launches . | . . . . . . Drone Recoveries . | . . . . . . Exploration | -11 -10 -10 -9 -9 -9 ------------- Run | Yrd Mat Min Mat Min Exi Turns Passed 6824 | 215 670 405 1598 1879 2057 Spaces Moved 2970 | 112 501 350 845 567 595 Core 5 | 4 . . . . 1 Treads 1246 | 4 . . 81 567 594 Legs . | . . . . . . Wheels 1719 | 104 501 350 764 . . Hover . | . . . . . . Flight . | . . . . . . Fastest Speed 50 | 50 80 110 110 320 240 Average Speed 199 | 83 107 110 147 320 311 Slowest Speed 1650 | 160 110 110 480 320 1650 Overloaded Moves . | . . . . . . Propulsion Burnouts . | . . . . . . Robots Hopped . | . . . . . . Potential Cave-ins . | . . . . . . Cave-ins Triggered . | . . . . . . Exploration Rate (%) 66 | 6 87 84 66 74 83 Regions Visited 5 Branch Regions 3 Pre-discovered Areas 1 | . . 1 . . . Known Exits Taken 1 | . . . 1 . . Unknown Exits Taken 4 | 1 1 1 . 1 . Scrap Searched 1 | . . . . 1 . Spaces Dug 31 | . 12 18 1 . . Terrain Destroyed 115 | . 29 18 22 . 46 Melee 1 | . . . 1 . . Projectile 4 | . 4 . . . . AOE 110 | . 25 18 21 . 46 Terrain Rammed . | . . . . . . Walls Destroyed . | . . . . . . Machines Disabled . | . . . . . . Actions | -11 -10 -10 -9 -9 -9 --------- Run | Yrd Mat Min Mat Min Exi Total 3532 | 187 583 364 1078 593 727 Wait 129 | 36 22 1 64 . 6 Move 2965 | 111 500 349 844 566 595 Hop . | . . . . . . Pick Up 81 | 5 16 1 32 1 26 Fast Attach 25 | 8 2 . 11 . 4 Attach 24 | 1 1 . 6 3 13 Detach 4 | . 2 . . . 2 Swap 56 | 3 12 4 25 2 10 Drop 74 | 2 5 1 39 2 25 Fire 159 | 21 23 3 56 13 43 Melee 4 | . . . 1 . 3 Ram . | . . . . . . Kick . | . . . . . . Crush 6 | . . . . 6 . Escape Stasis . | . . . . . . Rewire . | . . . . . . Trap 5 | . . 5 . . . Miscellaneous . | . . . . . . Route ------- -11/Scrapyard -10/Materials (discovered 4 exits: *Mat x2 / [*Min] / [*Sub]) -10/Mines (discovered 2 exits: *Mat x2) -9/Materials (discovered 4 exits: *Mat x3 / *Min) -9/Mines (discovered 4 exits: *Mat x2 / *Exi / [*Zio]) -9/Exiles History --------- Turn | Location | Event 7 | -11/Scrapyard | Discovered new exit (range 15) 216 | -11/Scrapyard | Entered Materials 329 | -10/Materials | Build established: Mutant 414 | -10/Materials | Discovered new exit (range 12) 569 | -10/Materials | Discovered new exit (range 7) 711 | -10/Materials | Discovered new exit (range 16) 853 | -10/Materials | Discovered new exit (range 14) 886 | -10/Materials | Entered Mines 947 | -10/Mines | Found a damaged Exp. Sensor Array with a note attached 950 | -10/Mines | Found Prototype Device 950 | -10/Mines | Identified Exp. Sensor Array 1215 | -10/Mines | Found a hidden stash of uninstalled traps 1235 | -10/Mines | Discovered new exit (range 12) 1259 | -10/Mines | Discovered new exit (range 5) 1271 | -10/Mines | Learned 4 Materials zone layouts 1291 | -10/Mines | Entered Materials 1291 | -9/Materials | Evolved 2 slots: Weapon x2 1292 | -9/Materials | Identified exit to Materials 1592 | -9/Materials | Build established: Gunner 1642 | -9/Materials | Discovered new exit (range 14) 2263 | -9/Materials | Build established: Skirmisher 2540 | -9/Materials | Identified exit to Mines 2591 | -9/Materials | Build established: Gunner 2889 | -9/Materials | Entered Mines 2922 | -9/Mines | Build established: Scavenger-Gunner 2928 | -9/Mines | Received a Rocket Launcher from a helpful Derelict 3069 | -9/Mines | Met a Derelict bent on vengeance 3116 | -9/Mines | Assisted by bots powering up and referring to "LRC-V3" 3255 | -9/Mines | A Derelict revealed a hidden shortcut to a safe place 3257 | -9/Mines | Learned Materials stockpile data 3841 | -9/Mines | Discovered exit to Materials (range 14) 4530 | -9/Mines | Assembled infested the area 4607 | -9/Mines | Lost 3 parts (1u2w) 4618 | -9/Mines | Met 8R-AWN 4675 | -9/Mines | Discovered exit to Materials (range 15) 4755 | -9/Mines | Discovered new exit (range 5) 4768 | -9/Mines | Entered Exiles 4864 | -9/Exiles | Welcomed by 8R-AWN 4915 | -9/Exiles | Met EX-HEX 5040 | -9/Exiles | Met EX-DEC 5503 | -9/Exiles | Met EX-BIN 5548 | -9/Exiles | Aligned with FarCom system 5551 | -9/Exiles | Given EX-Vault access code 5625 | -9/Exiles | Opened EX-Vault 5705 | -9/Exiles | Warned to stay clear of 0b10 Research branches 5768 | -9/Exiles | Found Longsword +1 6055 | -9/Exiles | Build established: Tank 6094 | -9/Exiles | Attacked by the Exiles 6262 | -9/Exiles | Destroyed 8R-AWN 6288 | -9/Exiles | Lost 7 parts (1p3n1u2w) 6309 | -9/Exiles | Found Prototype Ballistic Gun 6309 | -9/Exiles | Identified 8R-AWN's Boregun 6316 | -9/Exiles | Found 8R-AWN's Boregun 6320 | -9/Exiles | Found Prototype Device 6320 | -9/Exiles | Identified AS-neutralizer No. 17b 6342 | -9/Exiles | Found Prototype Processor 6451 | -9/Exiles | Core integrity fell below 50% 6718 | -9/Exiles | Destroyed EX-HEX 6727 | -9/Exiles | Destroyed EX-BIN 6812 | -9/Exiles | Core integrity fell below 20% 6825 | -9/Exiles | Destroyed by EX-DEC with AWS/EX-DEC Last Messages --------------- 06601_ The unstable cave ceiling collapses. 06702_ EX-BIN: "I just want to science!" 06716_ Sneak attack on EX-HEX. 06718_ EX-HEX destroyed. 06720_ Acquired 20 matter. 06727_ EX-BIN: "You can't kill me, my evil twin will get revenge!" 06727_ EX-BIN destroyed. 06736_ Acquired Prototype Power Core. 06736_ Identified Lgt. Neutrino Core. 06738_ Acquired Rnf. Fission Core. 06739_ Acquired Lgt. Neutrino Core. 06740_ Acquired 8 matter. 06745_ Acquired Adv. Transmission Jammer. 06751_ Acquired 12 matter. 06756_ Acquired Adv. Component Analysis Suite. 06759_ Acquired Prototype Reactor. 06804_ Lgt. Treads destroyed. 06809_ Med. Armor Plating destroyed. 06810_ Machine disabled. Map ----- +----------------------------------------------------+ | ?????????????????????????????????????#"" | | ?????????????????????????????????????#" | | ?????????????????????????????????????#""" | | ??????????????????????????????????????# | | ??????????????????????????????????????#"" | | ??????????????????????????????????????##""" | | ???????????????????????????????????????##"""" | | ????????????????????????????????????????### | | ??????????????????????????????????????????##### | | ??????????????????????????????????????????????## | | ???????????????????????????????????????????????# | | ???????????????????????????????????????????????# | | ???????????????????????????????????????????????# | | ???????????????????????????????????????????????# | | ????????????????""??????????""""?????"""""?????# | | ???????????????"" ?????????""""""????""""""????# | | ???????????????" ???????""""" "????" """"???# | | ???????????????"" ???#""#""" """????"" """???# | | ???????????????"" ??#""#"" ""????"" ""???# | | ????????????#####"""###""###"""########"""###### | | ?????????#" "" " """"""" """""""" """""" | | ?????????#" """""" """"""" !! | | ???????????"" !!!! !! | | ???????????" c !!!!! ! | | ??????????"" !! %!!!! | | ??????????""" @ ! ""!! | | ??????????"" """ """""" " """"" !"!"""" | | ?????????????####"""########"""###""###"""######## | | ???????????????"" ??????"" ""#""#"" ""?????? | | ???????????????""" ??????#""" ""#""#""" ""#????? | | ?????????????????????????#" """"""""#" " "#????? | | ??????????????????????????"""""""???#"""""""#????? | | ??????????????????????????"""""""????"""""""#????? | | ??????????????????????????????????????#####??????? | | ?????????????????????????????????????????????????? | | ?????????????????????????????????????????????????? | | ?????????????????????????????????????????????????? | | ?????????????????????????????????????????????????? | | | | | | | | | | | | | | | | | | | | | | | | | +----------------------------------------------------+ Best States ------------- Heat Dissipation 38 Energy Generation 19 Energy Capacity 310 Matter Stores 300 Matter Capacity 300 Sight Range 20 Terrain Scan Density 10 Armor Coverage 225 Evasion (%) 44 Recoil Reduction 2 Offensive Hacking 10 Item Schematics ----------------- Huge Storage Unit | -10/Materials | Hacked Hcp. Storage Unit | -10/Materials | Hacked Robot Schematics ------------------ None Fabricated ------------ Nothing Repaired ---------- Nothing Alien Tech Used ----------------- None Achievements -------------- None Challenges ------------ None Game ------ Seed GrapheneGyrokineticMembrane Manual? 0 Play Time 00:41:30 Cumulative 259.7 hours Start 2025.08.26 @ 09:46:33 End 2025.08.26 @ 10:29:50 Sessions 1 Manual Loads 0 Difficulty Rogue Special Mode None Game No. 182 Rogue 182 Adventurer 0 Explorer 0 Win Type - Total 2 Types 2/0/0/0/0/0/0/0/0/0 Lore% 72 Gallery% 71 Achievement% 60 Wizard Run 0 Options --------- Layout 1 ASCII 0 Keyboard 0 Movement Mouse Keybinds 0 Fullscreen 1 Font 32/SmallcapsGlow Map View 50x35 Zoom Use 0% Tactical HUD 1 Map Filters NONE Filters NONE Steam 1 RUN: bb19650a-40d1-476d-82a2-b1d9a917bba2